 Dungeon Sprint DCSS version 0.24.0-28-g17ded55e90 (webtiles) character file.

Game seed: 9901382518413108539, levelgen mode: deterministic

13321 PentaManta the Imperceptible (level 11, -6/56 HPs)
             Began as a Spriggan Assassin on Nov 13, 2019.
             Was a Follower of Uskayaw.
             Killed by triggering an arrow trap (13 damage)
             ... in the Dungeon (Sprint I: "Red Sonja").
             The game lasted 00:18:45 (2142 turns).

PentaManta the Imperceptible (Spriggan Assassin)    Turns: 2142, Time: 00:18:46

Health: -6/56      AC:  6    Str:  7    XL:     11   Next: 74%
Magic:  20/20      EV: 41    Int: 12    God:    Uskayaw [*.....]
Gold:   588        SH:  0    Dex: 22    Spells: 10/10 levels left

rFire    . . .     SeeInvis +   s - +2 rapier (speed)
rCold    + . .     Gourm    .   (shield restricted)
rNeg     . . .     Faith    .   u - +2 robe of the Beginning {Slay+2}
rPois    +         Spirit   .   v - +2 hat
rElec    .         Reflect  .   c - +0 cloak
rCorr    .         Harm     .   (gloves unavailable)
MR       ++...     NoTele   +   (boots unavailable)
Stlth    +++++++++.             w - amulet "Veplarreept" {rPois rC+ MR+ Regen+}
HPRegen  0.58/turn              x - +2 ring of evasion
MPRegen  0.17/turn              (no ring)

@: hasted, very quick
A: very small, unfitting armour, see invisible, deformed body, herbivore, speed
3, slow metabolism 2
a: Stomp, Renounce Religion


You were in the Dungeon.
You worshipped Uskayaw.
Uskayaw was aware of your devotion.
You were not hungry.

You visited 1 branch You collected 2059 gold pieces.
You spent 1471 gold pieces at shops.

Inventory:

Hand Weapons
 m - a +1 short sword of venom
 s - a +2 rapier of speed (weapon)
 t - the +2 hand axe "Ynim Ama" {chop, +Fly rN+ Str-2 Dex+5}
   (You found it in the Dungeon)

   It inflicts extra damage upon your enemies.
   It affects your strength (-2).
   It affects your dexterity (+5).
   It protects you from negative energy.
   It lets you fly.
Missiles
 b - 5 curare-tipped darts
 d - 8 poisoned darts
 e - 4 atropa-tipped darts (quivered)
Armour
 c - a +0 cloak (worn)
 u - the +2 robe of the Beginning (worn) {Slay+2}
   (You bought it in a shop in the Dungeon)

   It affects your accuracy and damage with ranged weapons and melee attacks
   (+2).
 v - a +2 hat (worn)
Jewellery
 w - the amulet "Veplarreept" (around neck) {rPois rC+ MR+ Regen+}
   (You bought it in a shop in the Dungeon)

   [amulet of regeneration]

   It protects you from cold.
   It protects you from poison.
   It affects your resistance to hostile enchantments.
   It increases your rate of regeneration.
 x - a +2 ring of evasion (left hand)
Wands
 r - a wand of enslavement (8)
Scrolls
 l - a scroll of blinking
 n - a scroll of remove curse {unknown}
 q - 3 scrolls of identify {unknown}
Potions
 a - a potion of degeneration {unknown}
 j - 2 potions of magic
 o - a potion of invisibility
Miscellaneous
 g - a box of beasts
Comestibles
 f - 4 rations


   Skills:
 - Level 5.8 Fighting
 - Level 11.2 Short Blades
 - Level 2.0 Throwing
 - Level 22.2 Dodging
 - Level 24.2 Stealth
 + Level 11.8 Invocations


You had 10 spell levels left.
You didn't know any spells.
Your spell library was empty.

Dungeon Overview and Level Annotations

Branches:
Dungeon (1/1)

Altars:
Cheibriados
Dithmenos
Elyvilon
Fedhas
Gozag
Hepliaklqana
Kikubaaqudgha
Makhleb
Nemelex Xobeh
Okawaru
Qazlal
Ru
Sif Muna
Trog
Uskayaw
Vehumet
Wu Jian
Xom
Yredelemnul
Zin
The Shining One
Jiyva
Lugonu

Shops:
D ![((%=([([(}:%[[!

Annotations:
D exclusion: 4 doors


Innate Abilities, Weirdness & Mutations

You are very small and have problems with some larger weapons.
You are too small for most types of armour.
You have supernaturally acute eyesight. (SInv)
You are a herbivore.
You cover ground extremely quickly.
You need to consume almost no food.
Armour fits poorly on your strangely shaped body.


Message History

You are engulfed in a cloud of scalding steam.
* * * LOW HITPOINT WARNING * * *
There are no items here.
You are engulfed in a cloud of scalding steam.
* * * LOW HITPOINT WARNING * * *
You see here 27 gold pieces.
You are engulfed in a cloud of scalding steam.
* * * LOW HITPOINT WARNING * * *
You see here 27 gold pieces.
You are engulfed in a cloud of scalding steam.
* * * LOW HITPOINT WARNING * * *
There is an open door here.
Really walk into that arrow trap?
You avoid triggering an arrow trap.
You are engulfed in a cloud of scalding steam.
* * * LOW HITPOINT WARNING * * *
There is an arrow trap here.
Really walk into that arrow trap?
An arrow shoots out and hits you!
You die...

########################
#§.§.§§§§§.§§†.#^§§§§.§#
#§####§§§§.##..'@§#§$§§##
#.# ##÷§§#######+#$.§§§#
'.#+#$###+#..)## .#§§$§§#
###^.$#y#.##...# .##§§§§#
^.#..$###..###.# .≈###+##
°.+..$$$##.#A#.# .≈
)^#^...2#§.###.#


m≈e ..###++##.##...# .≈# .## #..#+### There were no monsters in sight!

Vanquished Creatures
  A hydra (D)
  2 centaur warriors (D)
  Sonja (D)
  A deep troll (D)
  7 unseen horrors (D)
  A lindwurm (D)
  An oklob plant (D)
  A gargoyle (D)
  2 kobold demonologists (D)
  4 demonic crawlers (D)
  A hornet (D)
  A slime creature (D)
  Sigmund (D)
  2 redbacks (D)
  A yak (D)
  13 hogs (D)
  3 floating eyes (D)
  7 necrophages (D)
  An ogre (D)
  8 jellies (D)
  Ijyb (D)
60 creatures vanquished.

Vanquished Creatures (others)
  2 ballistomycete spores (D)
2 creatures vanquished.

Grand Total: 62 creatures vanquished

Notes
Turn   | Place    | Note
-------+----------+-------------------------------------------
     0 | D        | PentaManta the Spriggan Assassin began the quest for the
                  | Orb.
     0 | D        | Reached XP level 1. HP: 10/10 MP: 2/2
     1 | D        | Noticed Ijyb
     4 | D        | Killed Ijyb
     4 | D        | Reached skill level 5 in Dodging
     4 | D        | Reached skill level 8 in Stealth
     4 | D        | Reached XP level 2. HP: 14/14 MP: 3/3
     6 | D        | Noticed an ogre
     9 | D        | Killed an ogre
     9 | D        | Reached skill level 11 in Stealth
     9 | D        | Reached XP level 3. HP: 18/18 MP: 4/4
     9 | D        | Reached XP level 4. HP: 22/22 MP: 5/5
    11 | D        | Noticed Sigmund
    14 | D        | Killed Sigmund
    14 | D        | Reached skill level 14 in Stealth
    14 | D        | Reached XP level 5. HP: 25/25 MP: 6/6
    37 | D        | Found a burning altar of Makhleb.
    37 | D        | Found a viscous altar of Jiyva.
    37 | D        | Found a shimmering altar of Xom.
    37 | D        | Found a corrupted altar of Lugonu.
    37 | D        | Noticed a slime creature
    40 | D        | Killed a slime creature
    40 | D        | Reached skill level 15 in Stealth
    40 | D        | Reached XP level 6. HP: 30/30 MP: 7/7
    42 | D        | Found an ornate altar of the Wu Jian Council.
    42 | D        | Found a shimmering blue altar of Sif Muna.
    44 | D        | Found a radiant altar of Vehumet.
    50 | D        | Found Babop's Antique Armour Emporium.
    50 | D        | Found an ancient bone altar of Kikubaaqudgha.
    50 | D        | Found a hazy altar of Hepliaklqana.
    50 | D        | Found a stormy altar of Qazlal.
    50 | D        | Found a hide-covered altar of Uskayaw.
    50 | D        | Found a blossoming altar of Fedhas.
    50 | D        | Found a bloodstained altar of Trog.
    50 | D        | Found an iron altar of Okawaru.
    50 | D        | Found a basalt altar of Yredelemnul.
    50 | D        | Found a glowing golden altar of the Shining One.
    50 | D        | Found a snail-covered altar of Cheibriados.
    50 | D        | Found a sacrificial altar of Ru.
    50 | D        | Found a glowing silver altar of Zin.
    50 | D        | Found a shadowy altar of Dithmenos.
    50 | D        | Found a white marble altar of Elyvilon.
    50 | D        | Noticed a yak
    51 | D        | Found an opulent altar of Gozag.
    52 | D        | Killed a yak
    52 | D        | Reached skill level 16 in Stealth
    52 | D        | Reached XP level 7. HP: 33/33 MP: 8/8
    70 | D        | Noticed Sonja
    74 | D        | Killed Sonja
    74 | D        | Reached skill level 18 in Stealth
    74 | D        | Reached XP level 8. HP: 37/37 MP: 9/9
   101 | D        | Found a sparkling altar of Nemelex Xobeh.
   107 | D        | Became a worshipper of Uskayaw the Reveler
   117 | D        | Noticed a centaur warrior
   118 | D        | Noticed a centaur warrior
   134 | D        | Noticed a kobold demonologist
   134 | D        | Noticed a kobold demonologist
   138 | D        | Reached * piety under Uskayaw
   140 | D        | Reached ** piety under Uskayaw
   141 | D        | Reached skill level 19 in Stealth
   150 | D        | Reached *** piety under Uskayaw
   151 | D        | Killed a kobold demonologist
   151 | D        | Reached **** piety under Uskayaw
   154 | D        | Killed a kobold demonologist
   154 | D        | Reached skill level 20 in Stealth
   172 | D        | Noticed a demonic crawler
   172 | D        | Noticed a demonic crawler
   172 | D        | Noticed a demonic crawler
   172 | D        | Noticed a demonic crawler
   445 | D        | Found Yzasopn's Distillery.
   453 | D        | Bought a potion of invisibility for 104 gold pieces
   453 | D        | Bought a potion of heal wounds for 65 gold pieces
   465 | D        | Noticed a deep troll
   500 | D        | Killed a deep troll
   500 | D        | Reached skill level 21 in Stealth
   500 | D        | Reached XP level 9. HP: 13/41 MP: 10/10
   600 | D        | Found Caucoenn's Armour Emporium.
   693 | D        | Noticed a shining eye
   693 | D        | Noticed a shining eye
   693 | D        | Noticed a shining eye
   693 | D        | Gained mutation: Armour fits poorly on your strangely
                  | shaped body. [a shining eye]
   810 | D        | Killed a centaur warrior
   810 | D        | Reached skill level 22 in Stealth
   812 | D        | Killed a centaur warrior
   833 | D        | Noticed an oklob plant
   835 | D        | Killed an oklob plant
   835 | D        | Reached skill level 23 in Stealth
   835 | D        | Reached XP level 10. HP: 46/46 MP: 11/11
   886 | D        | Noticed an unseen horror
   887 | D        | Noticed an unseen horror
   893 | D        | Killed an unseen horror
   895 | D        | Killed an unseen horror
   895 | D        | Reached skill level 24 in Stealth
   949 | D        | HP: 2/46 [acid (5)]
  1056 | D        | Reached ***** piety under Uskayaw
  1122 | D        | Found Acsurievedgh's Weapon Shoppe.
  1123 | D        | Found Puuh Nome's Food Boutique.
  1144 | D        | Reached skill level 5 in Short Blades
  1170 | D        | Got a twisted hand axe
  1171 | D        | Identified the +2 hand axe "Ynim Ama" {chop, +Fly rN+ Str-2
                  | Dex+5} (You found it in the Dungeon)
  1179 | D        | Found Cunt's Weapon Shop.
  1181 | D        | Found Tushrute's Jewellery Emporium.
  1181 | D        | Found Geyc's Antique Weapon Shop.
  1181 | D        | Found Emnyoru's Antique Armour Shoppe.
  1181 | D        | Found Hesyiwn's Weapon Boutique.
  1181 | D        | Found Alehig's Armour Emporium.
  1181 | D        | Found Cock's Antique Weapon Shop.
  1181 | D        | Found Sogapigh's Gadget Shoppe.
  1184 | D        | Found Vistoy's Book Boutique.
  1185 | D        | Found Quxzeqai's Armour Emporium.
  1185 | D        | Found Pomir's Food Boutique.
  1186 | D        | Found Ropretu's Distillery.
  1198 | D        | Bought the +2 robe of the Beginning {Slay+2} for 365 gold
                  | pieces
  1222 | D        | Bought a +2 hat for 208 gold pieces
  1231 | D        | Bought the amulet "Veplarreept" {rPois rC+ MR+ Regen+} for
                  | 591 gold pieces
  1235 | D        | Bought 4 atropa-tipped darts for 28 gold pieces
  1238 | D        | Bought a +2 ring of evasion for 110 gold pieces
  1617 | D        | Reached skill level 5 in Fighting
  1713 | D        | Noticed a lindwurm
  1715 | D        | Killed a lindwurm
  1715 | D        | Reached XP level 11. HP: 56/56 MP: 12/12
  1744 | D        | Noticed a lorocyproca
  1780 | D        | Reached skill level 10 in Short Blades
  1780 | D        | Reached skill level 1 in Invocations
  1807 | D        | Reached ****** piety under Uskayaw
  1823 | D        | Reached skill level 5 in Invocations
  1834 | D        | Noticed a daeva
  1839 | D        | Noticed an unseen horror
  1839 | D        | Noticed an unseen horror
  1839 | D        | Noticed an unseen horror
  1840 | D        | Noticed an unseen horror
  1842 | D        | Killed an unseen horror
  1843 | D        | Noticed an unseen horror
  1844 | D        | Killed an unseen horror
  1845 | D        | Killed an unseen horror
  1847 | D        | Killed an unseen horror
  1847 | D        | Reached skill level 10 in Invocations
  1849 | D        | Killed an unseen horror
  1963 | D        | Noticed a fire giant
  1981 | D        | Noticed a 12-headed hydra
  1983 | D        | Killed a 12-headed hydra
  2005 | D        | Noticed a deep elf annihilator
  2142 | D        | Killed by triggering an arrow trap

Levels and vault maps discovered:
D:        dungeon_sprint_1 [red_sonja_temple_1, red_sonja_temple_small_1]

Skill      XL: |  1  2  3  4  5  6  7  8  9 10 11 |
---------------+----------------------------------+-----
Dodging        | 5 9 12 13 14 16 19 21 22 | 22.2
Stealth        | 8 11 14 15 16 18 21 23 24 | 24.2
Fighting       | 5 |  5.8
Short Blades   | 9 11 | 11.2
Invocations    | 11 | 11.8
Throwing       | |  2.0

Action                   |  1- 3 |  4- 6 |  7- 9 | 10-12 || total
-------------------------+-------+-------+-------+-------++-------
Melee: Dagger            |     2 |     4 |     1 |       ||     7
       Short sword       |       |       |    33 |    97 ||   130
       Rapier            |       |       |       |   179 ||   179
Throw: Dart              |       |       |    10 |    12 ||    22
  Use: Potion            |       |       |     1 |     7 ||     8
 Stab: Sleeping          |     2 |     4 |     5 |    21 ||    32
       Paralysed         |       |       |     1 |     3 ||     4
       Invisible         |       |       |       |     1 ||     1
Armor: Robe              |       |       |     3 |     7 ||    10
       Troll leather arm |       |       |       |     3 ||     3
Dodge: Dodged            |       |       |    81 |   392 ||   473
